 Dungeon Crawl Stone Soup version 0.18-a0-596-g6468885 (webtiles) character file.

214616 4thArraOfDagon the Fencer (level 19, 0/152 HPs)
             Began as a Halfling Assassin on Dec 3, 2015.
             Was the Champion of Cheibriados.
             Slain by an acid blob (25 damage)
             ... on level 2 of the Pits of Slime.
             The game lasted 02:07:46 (15634 turns).

4thArraOfDagon the Fencer (Halfling Assassin)      Turns: 15634, Time: 02:07:47

Health: 0/152      AC: 14    Str: 28    XL:     19   Next: 18%
Magic:  22/28      EV: 32    Int: 32    God:    Cheibriados [******]
Gold:   2085       SH:  8    Dex: 35    Spells: 8 memorised, 7 levels left

rFire  + . .     SeeInvis .     j - +3 scimitar (slice)
rCold  + . .     Clarity  +     (armour currently unavailable)
rNeg   + . .     SustAt   +     q - -1 buckler
rPois  ∞         Gourm    .     h - +0 helmet of the Dwarven Hall {*Drain rElec MR+++ Int+2}
rElec  +         Spirit   .     R - +1 cloak
rCorr  +         Dismiss  .     (gloves currently unavailable)
rMut   .         Stasis   .     (boots currently unavailable)
MR     ++++.                    G - amulet of clarity
Stlth  +++++++...               d - +3 ring of slaying
                                E - ring of Zorrom {SustAt rElec Int+3}

@: statue-form, resistant, corroded equipment, regenerating, very slow,
incredibly resistant to hostile enchantments, extremely stealthy
A: mutation resistance 1
a: End Transformation, Bend Time, Temporal Distortion, Slouch, Step From Time,
Renounce Religion
}: 2/15 runes: decaying, gossamer


You were on level 2 of the Pits of Slime.
You worshipped Cheibriados.
Cheibriados was exalted by your worship.
You were very full.
You were a stone statue.
You visited 7 branches of the dungeon, and saw 39 of its levels.
You also visited: Ice Cave and Volcano.

You collected 2568 gold pieces.
You spent 483 gold pieces at shops.

Inventory:

Hand Weapons
 b - a +0 blowgun
 j - a +3 scimitar of slicing (weapon)
 z - a +2 dagger of electrocution
Missiles
 D - 19 curare-tipped needles
Armour
 c - the +0 pair of gloves of Spite (melded) {Str+3}
   (You found it on level 3 of the Elven Halls)

   It affects your strength (+3).
 h - the +0 helmet of the Dwarven Hall (worn) {*Drain rElec MR+++ Int+2}
   (You found it on level 6 of the Dungeon)

   It affects your intelligence (+2).
   It insulates you from electricity.
   It affects your resistance to hostile enchantments.
   It causes draining when unequipped.
 q - a -1 buckler (worn)
 H - a +1 pair of boots (melded)
 Q - a +0 pair of gloves of fire resistance
 R - a +1 cloak (worn)
 T - the +1 robe "Soytofos" (melded) {+Blink Regen+}
   (You found it on level 4 of the Lair of Beasts)

   It lets you blink.
   It increases your rate of regeneration.
 W - a +0 shield of reflection
Magical Staves
 a - an uncursed staff of wizardry {!a}
Rods
 L - a +4 rod of shadows (13/13)
   (You took it off a deep elf knight on level 3 of the Elven Halls)
Jewellery
 d - a +3 ring of slaying (right hand)
 A - an uncursed ring of invisibility
 E - the ring of Zorrom (left hand) {SustAt rElec Int+3}
   (You found it on level 3 of the Elven Halls)

   [ring of sustain attributes]

   It sustains your strength, intelligence and dexterity.
   It affects your intelligence (+3).
   It insulates you from electricity.
 G - an amulet of clarity (around neck)
 I - the amulet "Jeklar" {+Rage MR+ MP+9}
   (You took it off a deep elf annihilator on level 3 of the Elven Halls)

   [amulet of rage]

   It affects your resistance to hostile enchantments.
   It affects your magic capacity (+9).
   It lets you go berserk.
 J - an uncursed ring of protection from fire
 N - an uncursed ring of teleportation
 P - an uncursed ring of positive energy
 X - the ring "Yrchat" {+Fly rElec rC+}
   (You took it off a deep elf death mage on level 3 of the Elven Halls)

   [ring of flight]

   It protects you from cold.
   It insulates you from electricity.
   It lets you fly.
Wands
 o - a wand of fire (6)
 u - a wand of digging (9)
 v - a wand of digging (13)
 x - a wand of disintegration (15)
 V - a wand of teleportation (7)
Scrolls
 l - 4 scrolls of remove curse
 m - a scroll of identify
 p - a scroll of magic mapping
 s - 7 scrolls of teleportation
 y - 2 scrolls of fog
 K - a scroll of blinking
 M - 6 scrolls of enchant armour
 O - 2 scrolls of fear
Potions
 k - a potion of heal wounds
 n - 3 potions of curing
 r - 5 potions of brilliance
 t - 2 potions of agility
 B - 3 potions of resistance
 C - 4 potions of cancellation
 U - a potion of ambrosia
 Y - a potion of flight
 Z - 4 potions of might
Miscellaneous
 e - an ornate deck of summoning {the Rangers}
 f - a sack of spiders {used: 4}
 w - a box of beasts
 F - a lamp of fire
Comestibles
 g - 8 bread rations
 i - 11 beef jerkies
 S - 20 fruits


   Skills:
 - Level 6.4 Fighting
 - Level 12.6(17.7) Short Blades
 * Level 16.1(17.0) Long Blades
 - Level 2.1 Throwing
 - Level 2.1 Armour
 - Level 12.0 Dodging
 - Level 14.1 Stealth
 - Level 5.0 Shields
 - Level 6.3 Spellcasting
 - Level 5.2 Charms
 - Level 3.9 Necromancy
 - Level 3.5 Translocations
 - Level 7.4 Transmutations
 - Level 10.4 Earth Magic
 - Level 7.1 Invocations
 - Level 6.2 Evocations


You had 7 spell levels left.
You knew the following spells:

 Your Spells              Type           Power        Failure   Level  Hunger
a - Regeneration          Chrm/Necr      #####.....   1%          3    None
b - Statue Form           Trmt/Erth      ######...    17%         6    ######.
c - Animate Skeleton      Necr           N/A          1%          1    None
d - Spectral Weapon       Hex/Chrm       ####....     6%          3    None
e - Apportation           Tloc           ####......   1%          1    None
f - Silence               Hex/Air        ##........   95%         5    ####...
g - Blink                 Tloc           N/A          1%          2    None
h - Repel Missiles        Chrm/Air       ####..       2%          2    None


Dungeon Overview and Level Annotations

Branches:
Dungeon (14/15)              Lair (8/8) D:9           Swamp (4/4) Lair:5
 Spider (4/4) Lair:3        Slime (2/6) Lair:6          Orc (4/4) D:10
    Elf (3/3) Orc:3        Vaults (0/5) D:13
 Temple: D:4-7

Altars:
Cheibriados
Dithmenos
Elyvilon
Gozag
Okawaru
Pakellas
Ru
Trog
The Shining One
Beogh

Shops:
D:5 [   Orc:4 !=[:   Elf:3 (

Annotations:
D:8 4thArraOfDagon's ghost, amateur DgWn
Lair:6 exclusion: oklob plant
Swamp:1 exclusion: Roxanne, Roxanne
Elf:3 Saint Roka


Innate Abilities, Weirdness & Mutations

You are small and have problems with some larger weapons.
You are somewhat resistant to further mutation.


Message History

The splash of acid misses you. The jelly completely misses you.
The acid blob spits acid at you. The splash of acid hits you! You resist.
* * * LOW HITPOINT WARNING * * *
The acid burns!
You resist.
* * * LOW HITPOINT WARNING * * *
The azure jelly hits you but does no damage.
The azure jelly barely misses you. The azure jelly hits you!
* * * LOW HITPOINT WARNING * * *
The azure jelly closely misses you.
Unknown command.
Unknown command.
Unknown command.
You hit the acid blob but do no damage.
Your hands burn!
* * * LOW HITPOINT WARNING * * *
The acid blob is almost dead.
The acid blob spits acid at you. The splash of acid misses you.
The jelly closely misses you. The acid blob hits you!!
You die...

...........#
.......#.#....
##.......##... #
#....#...#....
###.##........#.#
#..............##
................#
.......<........#
...##...<..J8...#
........>..JJJ.###
.#...............##
##.......#.......##
#................##.#.#
##....^................
#...........##........#
##.##...#....##........
## ##..##..###.......#


You could see 2 acid blobs, an azure jelly and a jelly.

Vanquished Creatures
  Arachne (Spider:4)
  Jorgrun (Swamp:4)
  2 deep elf blademasters (Elf:3)
  2 deep elf master archers (Elf:3)
  Agnes (D:14)
  Frances (Spider:2)
  Donald (Swamp:4)
  5 ghost moths (Spider:4)
  Maud (Orc:2)
  5 deep elf sorcerers (Elf:3)
  2 emperor scorpions (Spider:4)
  An orc warlord (Orc:4)
  The ghost of confidenceinterval the Grappler, a journeyman TrMo of Okawaru (Lair:7)
  7 deep elf demonologists (Elf:3)
  11 slime creatures
  7 deep elf annihilators (Elf:3)
  A green death (Swamp:4)
  6 deep elf death magi (Elf:3)
  2 spark wasps (Spider:4)
  Josephine (D:10)
  9 hydras
  An entropy weaver (Spider:4)
  A ghost crab (Swamp:3)
  An alligator (Swamp:4)
  13 dancing weapons
  3 death yaks (Lair:6)
  5 orc high priests (Orc:4)
  A hell knight (Volcano)
  5 large abominations
  7 spriggans
  Sonja (Lair:1)
  12 deep elf knights
  A spriggan druid (Swamp:4)
  5 deep elf summoners (Elf:3)
  3 hill giants
  2 orc knights (Orc:4)
  4 swamp dragons
  A lindwurm (Lair:1)
  6 orb spiders (Spider:4)
  9 ugly things
  2 shining eyes
  13 deep elf conjurers
  2 manticores
  6 orc sorcerers
  4 hornets
  6 elephants (Lair:8)
  A cyclops (D:14)
  29 wolf spiders
  3 toenail golems (Volcano)
  4 naga magi (D:12)
  Joseph (D:10)
  An orange demon (Swamp:4)
  15 spiny frogs
  Psyche (D:9)
  2 torpor snails
  A molten gargoyle (Lair:1)
  A gargoyle (D:12)
  4 black mambas
  9 deep elf priests
  9 komodo dragons
  5 demonic crawlers (Spider:4)
  A fire drake (Lair:8)
  14 jumping spiders
  7 two-headed ogres
  4 trolls
  11 polar bears
  2 giant leeches
  A raiju (Lair:8)
  Prince Ribbit (D:7)
  6 bog bodies
  A boulder beetle (Spider:4)
  8 tarantellas
  20 redbacks
  30 yaks
  Sigmund (D:6)
  11 trapdoor spiders
  15 deep elf magi
  37 wolves
  5 shadows
  11 vampire mosquitoes
  A steam dragon (D:9)
  10 wargs
  6 hippogriffs
  6 wraiths
  2 hungry ghosts
  2 mottled dragons
  17 deep elf fighters
  A fire elemental (Volcano)
  7 swamp worms
  5 hell hounds
  13 ice beasts
  11 water moccasins
  3 sky beasts
  2 porcupines (Lair:5)
  A swamp drake (Swamp:2)
  34 orc warriors
  14 wasps
  13 black bears
  4 phantoms
  A necrophage (D:9)
  A big kobold (D:8)
  15 ogres
  11 crocodiles
  11 giant frogs
  A wyvern skeleton (D:9)
  2 scorpions
  A wight (D:11)
  A centaur zombie (D:5)
  3 crimson imps
  A lava snake (Lair:1)
  16 hounds
  26 orc wizards
  3 giant frog skeletons
  32 orc priests
  A centaur skeleton (D:4)
  7 jellies
  7 worker ants
  4 iguanas
  11 sheep
  15 river rats
  2 worker ant zombies
  4 adders
  2 shadow imps
  3 oozes (Lair:6)
  An adder skeleton (D:5)
  A worm (D:5)
  5 giant geckos
  170 orcs
  3 giant cockroaches
  2 hobgoblins
  17 jackals
  2 quokkas
  3 bats (D:3)
  3 giant newts
  2 goblins (D:3)
  A jackal zombie (D:6)
  A kobold (D:3)
  3 rats
  A crawling corpse (Elf:3)
  A plant (Lair:8)
1003 creatures vanquished.

Vanquished Creatures (collateral kills)
  An orb spider (Spider:3)
1 creature vanquished.

Vanquished Creatures (others)
  A swamp dragon (Swamp:4)
  An orange demon (Swamp:4)
  2 deep elf magi (D:12)
  A redback (Spider:4)
  An orc priest (Orc:4)
  18 fungi
  16 plants
40 creatures vanquished.

Grand Total: 1044 creatures vanquished

Notes
Turn   | Place    | Note
--------------------------------------------------------------
     0 | D:1      | 4thArraOfDagon the Halfling Assassin began the quest for the Orb.
     0 | D:1      | Reached XP level 1. HP: 14/14 MP: 1/1
   136 | D:2      | Reached XP level 2. HP: 12/19 MP: 2/2
   233 | D:3      | You fall through a shaft for 3 floors!
   233 | D:6      | Found a snail-covered altar of Cheibriados.
   233 | D:6      | Noticed Sigmund
   233 | D:6      | Noticed a giant frog
   233 | D:6      | Noticed a phantom
   236 | D:6      | Killed a giant frog
   236 | D:6      | Reached skill level 1 in Armour
   236 | D:6      | Reached skill level 5 in Stealth
   236 | D:6      | Reached XP level 3. HP: 22/25 MP: 3/3
   236 | D:6      | Reached XP level 4. HP: 26/30 MP: 4/4
   246 | D:6      | Killed Sigmund
   246 | D:6      | Reached XP level 5. HP: 17/35 MP: 5/5
   246 | D:6      | Reached XP level 6. HP: 19/41 MP: 6/6
   248 | D:6      | Became a worshipper of Cheibriados the Contemplative
   256 | D:6      | Found an opulent altar of Gozag.
   262 | D:6      | Found a sacrificial altar of Ru.
   289 | D:5      | Entered Level 5 of the Dungeon
   290 | D:5      | Found a shadowy altar of Dithmenos.
   290 | D:5      | Found a white marble altar of Elyvilon.
   296 | D:5      | Found a bloodstained altar of Trog.
   519 | D:6      | Got a fine helmet
   526 | D:6      | Identified the +0 helmet of the Dwarven Hall {*Drain rElec MR+++ Int+2} (You found it on level 6 of the Dungeon)
   532 | D:6      | Reached skill level 5 in Short Blades
   532 | D:6      | Reached skill level 6 in Stealth
   545 | D:6      | Reached XP level 7. HP: 35/46 MP: 7/7
   578 | D:5      | Reached skill level 1 in Invocations
   713 | D:5      | Found Bofreala's Antique Armour Emporium.
   952 | D:3      | Reached * piety under Cheibriados
  1071 | D:4      | Found an oddly glowing altar of Pakellas.
  1108 | D:4      | now :(
  1164 | D:4      | Reached XP level 8. HP: 33/52 MP: 9/9
  1373 | D:3      | Reached skill level 7 in Stealth
  1800 | D:5      | Reached ** piety under Cheibriados
  1822 | D:5      | Reached XP level 9. HP: 50/58 MP: 11/11
  1860 | D:5      | Reached skill level 8 in Short Blades
  1919 | D:5      | Bought a jewelled scale mail for 243 gold pieces
  1929 | D:5      | Identified the +4 scale mail "Asiogris" {MR+ Stlth+} (You bought it in a shop on level 5 of the Dungeon)
  2024 | D:5      | Found an iron altar of Okawaru.
  2086 | D:6      | Got a faintly glowing helmet
  2175 | D:6      | Identified the cursed -5 helmet of Leapfrog {Int+6} (You found it on level 6 of the Dungeon)
  2263 | D:7      | Reached *** piety under Cheibriados
  2407 | D:7      | Reached skill level 9 in Short Blades
  2477 | D:7      | Noticed Prince Ribbit
  2498 | D:7      | hit that jive
  2615 | D:7      | Reached skill level 5 in Dodging
  2621 | D:7      | Killed Prince Ribbit
  2671 | D:8      | Reached skill level 5 in Fighting
  2688 | D:8      | Reached XP level 10. HP: 61/66 MP: 13/13
  2855 | D:8      | Noticed 4thArraOfDagon's ghost (amateur DgWn)
  2990 | D:9      | Reached skill level 10 in Short Blades
  3001 | D:9      | Reached **** piety under Cheibriados
  3042 | D:9      | Reached skill level 5 in Invocations
  3042 | D:9      | Reached skill level 1 in Evocations
  3120 | D:9      | Found an oddly glowing altar of Pakellas.
  3185 | D:9      | Learned a level 3 spell: Regeneration
  3221 | D:9      | Reached skill level 10 in Stealth
  3288 | D:10     | Entered Level 10 of the Dungeon
  3314 | D:10     | Noticed Josephine
  3315 | D:10     | Killed Josephine
  3315 | D:10     | Reached skill level 1 in Charms
  3315 | D:10     | Reached skill level 1 in Necromancy
  3372 | D:10     | Reached XP level 11. HP: 65/72 MP: 15/15
  3377 | D:10     | Reached ***** piety under Cheibriados
  3444 | D:10     | Noticed a hill giant
  3448 | D:10     | Noticed Joseph
  3451 | D:10     | Killed a hill giant
  3451 | D:10     | Reached skill level 1 in Spellcasting
  3465 | D:10     | Killed Joseph
  3465 | D:10     | Reached skill level 11 in Short Blades
  3735 | D:11     | Noticed a hill giant
  3749 | D:11     | Killed a hill giant
  3813 | D:11     | Noticed a hill giant
  3821 | D:11     | Killed a hill giant
  3827 | D:11     | Noticed a skeletal warrior
  3828 | D:11     | Noticed a skeletal warrior
  3828 | D:11     | Noticed a skeletal warrior
  3831 | D:11     | Noticed a skeletal warrior
  4001 | D:12     | Gained mutation: You expend magic power (3 MP) to strengthen your wands. [mutagenic meat]
  4004 | D:12     | Gained mutation: Your body sometimes deteriorates upon taking damage. [mutagenic meat]
  4005 | D:12     | Gained mutation: You are clumsy. (Dex -2) [mutagenic meat]
  4112 | D:12     | Reached XP level 12. HP: 46/79 MP: 9/16
  4196 | D:12     | Found a frozen archway.
  4209 | IceCv    | Entered an ice cave
  4286 | IceCv    | Reached skill level 12 in Short Blades
  4519 | D:12     | Identified the Papyrus of Classification (You found it on level 12 of the Dungeon)
  4527 | D:12     | Learned a level 6 spell: Statue Form
  4545 | D:12     | Reached skill level 5 in Charms
  4677 | D:12     | Noticed a soul eater
  4704 | D:12     | :(
  4716 | D:12     | Reached skill level 1 in Earth Magic
  4787 | D:12     | Identified the Catalogue of Unholy Arts (You found it on level 12 of the Dungeon)
  4790 | D:12     | Learned a level 1 spell: Animate Skeleton
  4801 | D:12     | Identified Sif Muna's Catalogue of the Arsonist and Combat Magic
  4815 | D:12     | Noticed a vampire mage
  4815 | D:12     | Noticed a vampire mage
  4905 | D:13     | Reached skill level 1 in Transmutations
  4926 | D:13     | Found a gate to the Vaults.
  4926 | D:13     | Noticed an enchanted long sword
  4926 | D:13     | Noticed an enchanted long sword
  4928 | D:13     | Killed an enchanted long sword
  4931 | D:13     | Killed an enchanted long sword
  5008 | D:14     | Noticed Agnes
  5011 | D:14     | Killed Agnes
  5011 | D:14     | Reached XP level 13. HP: 74/84 MP: 7/18
  5499 | D:10     | Found a staircase to the Orcish Mines.
  5506 | Orc:1    | Entered Level 1 of the Orcish Mines
  5729 | Orc:4    | Entered Level 4 of the Orcish Mines
  5796 | Orc:4    | Found Ahigaruq's Distillery.
  5809 | Orc:4    | Found Agymuko's Jewellery Shop.
  5873 | Orc:4    | Found a roughly hewn altar of Beogh.
  6033 | Orc:4    | Learned a level 3 spell: Spectral Weapon
  6107 | Orc:4    | Reached ****** piety under Cheibriados
  6152 | Orc:4    | Reached skill level 5 in Earth Magic
  6289 | Orc:4    | Noticed an orc warlord
  6308 | Orc:4    | Killed an orc warlord
  6353 | Orc:4    | Found a roughly hewn altar of Beogh.
  6397 | Orc:4    | Found Heffic's Book Shop.
  6684 | Orc:4    | Found Vestrag's Antique Armour Emporium.
  6921 | Orc:4    | Bought a potion of might for 60 gold pieces
  6921 | Orc:4    | Bought 2 potions of brilliance for 120 gold pieces
  6921 | Orc:4    | Bought a potion of degeneration for 15 gold pieces
  6921 | Orc:4    | Bought a potion of curing for 45 gold pieces
  7099 | Orc:3    | Reached XP level 14. HP: 83/90 MP: 16/20
  7423 | Orc:3    | Found a staircase to the Elven Halls.
  7432 | Elf:1    | Entered Level 1 of the Elven Halls
  7476 | Elf:1    | Reached skill level 5 in Transmutations
  7639 | Elf:1    | Reached skill level 5 in Spellcasting
  7693 | Elf:1    | You fall through a shaft!
  7694 | Elf:2    | :(
  7841 | Elf:2    | Learned a level 1 spell: Apportation
  7857 | Elf:3    | Entered Level 3 of the Elven Halls
  8017 | Elf:3    | Got a garnet-encrusted leather armour
  8028 | Elf:3    | Identified the +1 leather armour of the Snake Pit {Regen+} (You found it on level 3 of the Elven Halls)
  8154 | Elf:3    | Noticed Saint Roka
  8171 | Elf:3    | Found Ehiujuvu's Antique Weapon Shop.
  8268 | Elf:3    | Noticed a deep elf sorcerer
  8274 | Elf:3    | lets rock it
  8370 | Elf:3    | Noticed a deep elf sorcerer
  8375 | Elf:3    | Killed a deep elf sorcerer
  8412 | Elf:3    | Noticed a deep elf demonologist
  8437 | Elf:3    | Killed a deep elf sorcerer
  8491 | Elf:3    | Reached XP level 15. HP: 95/95 MP: 21/24
  8627 | Elf:3    | Reached skill level 10 in Earth Magic
  8725 | Elf:3    | Noticed a deep elf sorcerer
  8733 | Elf:3    | Noticed a cacodemon
  8735 | Elf:3    | Gained mutation: You occasionally shout uncontrollably at your foes. [a cacodemon]
  8742 | Elf:3    | Noticed a cacodemon
  8808 | Elf:3    | Killed a deep elf sorcerer
  8823 | Elf:3    | Identified a +4 rod of shadows (13/13) (You took it off a deep elf knight on level 3 of the Elven Halls)
  8835 | Elf:3    | Noticed a Brimstone Fiend
  8891 | Elf:3    | Reached skill level 1 in Shields
  8996 | Elf:3    | Noticed a deep elf blademaster
  9001 | Elf:3    | Noticed a deep elf blademaster
  9007 | Elf:3    | Noticed a deep elf sorcerer
  9015 | Elf:3    | Killed a deep elf blademaster
  9018 | Elf:3    | Killed a deep elf sorcerer
  9019 | Elf:3    | Killed a ghostly deep elf blademaster
  9019 | Elf:3    | Killed a deep elf blademaster
  9019 | Elf:3    | Reached skill level 5 in Evocations
  9030 | Elf:3    | Killed a ghostly deep elf blademaster
  9140 | Elf:3    | Noticed a deep elf master archer
  9142 | Elf:3    | Noticed an Ice Fiend
  9142 | Elf:3    | Noticed an Ice Fiend
  9229 | Elf:3    | Noticed a deep elf sorcerer
  9617 | Elf:3    | Killed a deep elf master archer
  9665 | Elf:3    | Reached skill level 10 in Dodging
  9723 | Elf:3    | Noticed a deep elf master archer
  9738 | Elf:3    | Killed a deep elf master archer
  9738 | Elf:3    | Reached XP level 16. HP: 43/101 MP: 15/25
  9813 | Elf:3    | Got an ancient war axe {pain}
  9834 | Elf:3    | Reached skill level 13 in Stealth
  9939 | Elf:3    | Got a smoking platinum amulet
  9941 | Elf:3    | Identified the +6 war axe "Jellyslayer" {pain, rN+ MR+} (You took it off a deep elf annihilator on level 3 of the Elven Halls)
  9943 | Elf:3    | Got a brightly glowing lapis lazuli ring
  9965 | Elf:3    | Learned a level 5 spell: Silence
  9966 | Elf:3    | Identified Sif Muna's Collected Works on Venomous Orientation (You found it on level 3 of the Elven Halls)
  9969 | Elf:3    | Got a transparent amber ring
  9977 | Elf:3    | Got a shimmering robe
  9988 | Elf:3    | Identified the +1 robe of Trial and Error {rPois rF++ Regen+ Int+2 Slay-4} (You took it off a deep elf annihilator on level 3 of the Elven Halls)
 10001 | Elf:3    | Got a warped golden ring
 10022 | Elf:3    | Lost mutation: Your body sometimes deteriorates upon taking damage. [potion of cure mutation]
 10022 | Elf:3    | Lost mutation: You occasionally shout uncontrollably at your foes. [potion of cure mutation]
 10022 | Elf:3    | Lost mutation: You expend magic power (3 MP) to strengthen your wands. [potion of cure mutation]
 10022 | Elf:3    | Lost mutation: You are clumsy. (Dex -2) [potion of cure mutation]
 10024 | Elf:3    | Got a pair of bloodstained gloves
 10032 | Elf:3    | Learned a level 2 spell: Blink
 10035 | Elf:3    | Learned a level 2 spell: Repel Missiles
 10048 | Elf:3    | Identified the cursed +0 pair of gloves of Spite {Str+3} (You found it on level 3 of the Elven Halls)
 10049 | Elf:3    | Identified the amulet "Jeklar" {+Rage MR+ MP+9} (You took it off a deep elf annihilator on level 3 of the Elven Halls)
 10050 | Elf:3    | Identified the ring "Yrchat" {+Fly rElec rC+} (You took it off a deep elf death mage on level 3 of the Elven Halls)
 10052 | Elf:3    | Identified the ring of Zorrom {SustAt rElec Int+3} (You found it on level 3 of the Elven Halls)
 10054 | Elf:3    | Identified the cursed ring "Dodghaa" {Int+4 Dex-2} (You found it on level 3 of the Elven Halls)
 10055 | Elf:3    | ugh
 10327 | Elf:2    | Found a runed gate.
 10328 | Elf:2    | Found a runed gate.
 10329 | Elf:2    | Found a runed gate.
 10387 | Elf:2    | Reached skill level 5 in Shields
 10410 | Elf:2    | Reached skill level 1 in Translocations
 10823 | Orc:2    | Noticed Maud
 10872 | Orc:2    | Killed Maud
 11208 | D:9      | Noticed Psyche
 11213 | D:9      | Found a staircase to the Lair.
 11223 | D:9      | Killed Psyche
 11255 | Lair:1   | Entered Level 1 of the Lair of Beasts
 11257 | Lair:1   | Noticed Sonja
 11484 | Lair:1   | Found a dark tunnel.
 11492 | Lair:1   | Reached skill level 14 in Stealth
 11497 | Volcano  | Entered a volcano
 11641 | Volcano  | Reached skill level 1 in Long Blades
 11717 | Lair:1   | Killed Sonja
 11886 | Lair:4   | Got a creamy pearl robe
 11898 | Lair:4   | Identified the +1 robe "Soytofos" {+Blink Regen+} (You found it on level 4 of the Lair of Beasts)
 12189 | Lair:6   | Found a staircase to the Slime Pits.
 12275 | Lair:7   | Noticed confidenceinterval's ghost (journeyman TrMo)
 12286 | Lair:8   | Entered Level 8 of the Lair of Beasts
 12344 | Lair:8   | Reached XP level 17. HP: 106/106 MP: 26/26
 12390 | Lair:8   | Reached skill level 5 in Long Blades
 12885 | Lair:7   | Found a snail-covered altar of Cheibriados.
 12914 | Lair:7   | Killed confidenceinterval's ghost
 13081 | Lair:6   | Found a glowing golden altar of the Shining One.
 13275 | Lair:5   | Found a staircase to the Swamp.
 13286 | Swamp:1  | Entered Level 1 of the Swamp
 13396 | Swamp:4  | Entered Level 4 of the Swamp
 13427 | Swamp:3  | Reached skill level 10 in Long Blades
 13459 | Swamp:4  | Noticed Jorgrun
 13553 | Swamp:4  | Killed Jorgrun
 13677 | Swamp:4  | Noticed a tentacled monstrosity
 13679 | Swamp:4  | Got a decaying rune of Zot
 13729 | Swamp:4  | Noticed Donald
 13737 | Swamp:4  | Killed Donald
 13737 | Swamp:4  | Reached XP level 18. HP: 112/112 MP: 27/27
 13984 | Swamp:1  | Noticed Roxanne
 14163 | Lair:3   | Found a hole to the Spider Nest.
 14184 | Spider:1 | Entered Level 1 of the Spider Nest
 14237 | Spider:1 | You fall through a shaft!
 14238 | Spider:2 | Noticed Frances
 14248 | Spider:2 | Killed Frances
 14431 | Spider:4 | Entered Level 4 of the Spider Nest
 14698 | Spider:4 | Noticed Arachne
 14884 | Spider:4 | Killed Arachne
 14910 | Spider:4 | Reached skill level 15 in Long Blades
 15136 | Spider:4 | Reached XP level 19. HP: 117/117 MP: 2/28
 15156 | Spider:4 | Got a gossamer rune of Zot
 15421 | Lair:5   | Reached skill level 16 in Long Blades
 15453 | Slime:1  | Entered Level 1 of the Pits of Slime
 15634 | Slime:2  | Slain by an acid blob

Vault maps used:
D:1:      dpeg_arrival_simpleton_b, minivault_5, hangedman_glass_teeth
D:2:      uniq_crazy_yiuf_cottage
D:3:      gammafunk_temple_overflow_wave, serial_park_tiny_pond
D:4:      lemuel_crystal_altar, serial_corexii_hall, corexii_hall_statues_u,
          corexii_hall_statues_u, corexii_hall_statues_l, minivault_19
D:5:      minmay_opposing_rooms, grunt_temple_overflow_open, lemuel_round_altar,
          serial_shops, shop, first_bread, elyvilon_altar_5
D:6:      minmay_overflow_temple_star_quad, uniq_sigmund
D:7:      lemuel_temple_firewalk, uniq_prince_ribbit1
D:8:      lemuel_blue_sif_altar, blue_anna_alchemist, bh_walls_and_bars
D:9:      grunt_temple_overflow_champion_of_chaos, erik_lair_dragon,
          grunt_pakellas_salt, uniq_psyche
D:10:     orc_0_dummy, basic_altar, solitary_fountain, uniq_joseph,
          uniq_josephine
D:11:     serial_bayou, serial_bayou_pond_e, serial_bayou_pond_e,
          serial_bayou_lagoon_a, serial_bayou_pond_e
D:12:     evilmike_library_of_no_secrets, portal_ice_cave_entry_ice_beasts,
          feat_on_display
D:13:     erik_vaults_1, uniq_erolcha
D:14:     minmay_misc_feat_roman, uniq_agnes
Lair:1:   dragon1_lemuel, nicolae_volcano_entry_vermiform,
          infiniplex_staircase_pool, lemuel_fruit_fields, serial_bayou_shore_b,
          serial_bayou_shore_a, uniq_sonja
Lair:2:   basic_altar
Lair:3:   spider_nest_entry_funnel_web, roderic_batcave, pf_torpor_hydra,
          serial_bayou_shore_b
Lair:4:   lemuel_ratsnest, nicolae_quartered_pool_medium
Lair:5:   swamp_mist_pool, lemuel_fruit_tree, serial_bayou_shore_b,
          lemuel_fruit_fields, infiniplex_staircase_pool_2
Lair:6:   nicolae_slime_entry_slimehenge, basic_altar
Lair:7:   basic_altar, grunt_megastairs_1
Lair:8:   hangedman_lair_caniforms_friends, guppyfry_lair_end_dragon
Swamp:1:  serial_swamp_ruin, evilmike_swamp_ruin_house_4,
          evilmike_swamp_ruin_house_3, uniq_roxanne, uniq_kirke, uniq_aizul
Swamp:2:  nicolae_swamp_rocky_clearing, swamp_pool1, statue_in_the_mist_lemuel,
          hangedman_swamp_diagram, lightli_tree_ring
Swamp:3:  nicolae_swamp_phyte_club, nicolae_swamp_triple_paths
Swamp:4:  swamp_vile, swamp_pool1, uniq_jorgrun, uniq_donald
Spider:2: uniq_frances
Spider:3: nicolae_orb_stairs
Spider:4: johnstein_spider_rune_arachne_lair, guppyfry_spider_mini_3
Slime:1:  nicolae_slime_barrier
Orc:2:    uniq_maud
Orc:3:    nicolae_orc_pool_cavern
Orc:4:    pubby_orc_utopia
Elf:1:    elf_arrival_001, hangedman_elven_crosses_minicolossus
Elf:2:    corexii_leaking_fountain, nrook_uturn,
          serial_sigils_hangedman_confine, st_stairs_10, eino_tiny_chamber
Elf:3:    elf_hall, serial_shops, nicolae_shop_stone, uniq_saint_roka
IceCv:    ice_cave_caverns_03
Volcano:  volcano_pools

Action                   |  1- 3 |  4- 6 |  7- 9 | 10-12 | 13-15 | 16-18 | 19-21 || total
-------------------------+-------+-------+-------+-------+-------+-------+-------++-------
Melee: Dagger            |    10 |    17 |   380 |   602 |  1138 |   596 |       ||  2743
       Rapier            |       |       |       |       |    35 |       |       ||    35
       Scimitar          |       |       |       |       |       |  1117 |   113 ||  1230
 Fire: Blowgun           |     5 |     5 |    12 |     8 |     3 |       |       ||    33
 Cast: Regeneration      |       |       |       |    18 |    95 |    82 |     8 ||   203
       Spectral Weapon   |       |       |       |       |     1 |       |       ||     1
       Statue Form       |       |       |       |       |    18 |    57 |     4 ||    79
       Apportation       |       |       |       |       |       |    17 |     2 ||    19
       Repel Missiles    |       |       |       |       |       |     1 |       ||     1
       Blink             |       |       |       |       |       |     1 |       ||     1
Invok: Slouch            |       |       |       |     6 |    13 |    12 |       ||    31
       Temporal Distorti |       |       |       |     2 |     4 |     1 |     1 ||     8
       Step From Time    |       |       |       |       |     1 |       |       ||     1
 Abil: End Transformatio |       |       |       |       |     4 |     6 |       ||    10
       Evoke Teleportati |       |       |       |       |       |     6 |     3 ||     9
       Evoke Blink       |       |       |       |       |       |       |     1 ||     1
Evoke: Wand              |       |       |     6 |       |     9 |    10 |       ||    25
       Sack of spiders   |       |       |       |       |     2 |     2 |       ||     4
       Rod               |       |       |       |       |     2 |       |       ||     2
       Deck              |       |       |       |       |       |     4 |       ||     4
       Lamp of fire      |       |       |       |       |       |     1 |       ||     1
  Use: Scroll            |       |     6 |     9 |    13 |    16 |    18 |     2 ||    64
       Potion            |       |       |       |     1 |    13 |     6 |     1 ||    21
 Stab: Sleeping          |     5 |     5 |    25 |    37 |    47 |    57 |     8 ||   184
       Distracted        |       |       |     1 |       |     2 |     5 |       ||     8
       Paralysed         |       |       |     2 |       |       |       |       ||     2
  Eat: Chunk             |       |       |     4 |    15 |    16 |    11 |     2 ||    48
       Beef jerky        |       |       |       |     1 |     1 |     3 |     6 ||    11
       Fruit             |       |       |       |       |     9 |    10 |     1 ||    20
       Pizza             |       |       |       |       |     2 |       |       ||     2
       Royal jelly       |       |       |       |       |       |     2 |       ||     2
       Meat ration       |       |       |       |       |       |     4 |       ||     4
